 Dungeon Crawl Stone Soup version 0.22-a0-282-gdd34a7d (webtiles) character file.

16443 Amnesiac the Destroyer (level 12, -11/76 HPs)
             Began as a Deep Elf Wizard on Mar 17, 2018.
             Was an Elder of Sif Muna.
             Hit by a large rock thrown by a stone giant (51 damage)
             ... on level 1 of the Orcish Mines.
             The game lasted 00:32:35 (13452 turns).

Amnesiac the Destroyer (Deep Elf Wizard)           Turns: 13452, Time: 00:32:36

Health: -11/76     AC: 13    Str:  4    XL:     12   Next: 10%
Magic:  33/38      EV: 27    Int: 34    God:    Sif Muna [****..]
Gold:   589        SH:  0    Dex: 18    Spells: 15/32 levels left

rFire    + + .     SeeInvis +   F - +3 dagger (venom)
rCold    + . .     Gourm    .   (no shield)
rNeg     . . .     Faith    .   x - +2 robe {rC+ rF+}
rPois    +         Spirit   .   i - +3 hat of Pondering {ponderous, MR+ MP+10 Int+5}
rElec    .         Reflect  .   c - +1 cloak
rCorr    .         Harm     .   y - +0 pair of gloves
MR       ++...                  m - +2 pair of boots "Runij" {rF+}
Stlth    +++.......             (no amulet)
HPRegen  0.22/turn              f - ring of poison resistance
MPRegen  0.26/turn              E - ring of see invisible

@: agile, divine energy, slow
A: no striking features
a: Stop Divine Energy, Channel Magic, Forget Spell, Renounce Religion


You were on level 1 of the Orcish Mines.
You worshipped Sif Muna.
Sif Muna was greatly pleased with you.
You were not hungry.

You visited 3 branches of the dungeon, and saw 13 of its levels.
You visited 1 bazaar.
You also visited: Sewer.

You collected 645 gold pieces.
You spent 56 gold pieces at shops.

Inventory:

Hand Weapons
 j - a +0 blowgun
 F - a +3 dagger of venom (weapon)
 G - a +1 falchion of flaming
Missiles
 o - 24 poisoned needles
 D - a throwing net (quivered)
 O - 7 curare-tipped needles
Armour
 b - a +0 hat
 c - a +1 cloak (worn)
 i - the +3 hat of Pondering (worn) {ponderous, MR+ MP+10 Int+5}
   (You took it off Gastronok on level 8 of the Dungeon)

   It affects your intelligence (+5).
   It affects your resistance to hostile enchantments.
   It affects your magic capacity (+10).
 m - the +2 pair of boots "Runij" (worn) {rF+}
   (You found it on level 7 of the Dungeon)

   It protects you from fire.
 x - a +2 robe of resistance (worn)
 y - a +0 pair of gloves (worn)
 M - a +1 pair of gloves
Magical Staves
 v - an uncursed staff of cold
Jewellery
 f - a ring of poison resistance (left hand)
 E - a ring of see invisible (right hand)
 K - an uncursed ring of flight
Wands
 r - a wand of clouds (9)
 H - a wand of disintegration (15)
 I - a wand of iceblast (12)
Scrolls
 a - 4 scrolls of blinking {!r}
 e - 4 scrolls of remove curse {!r}
 g - 4 scrolls of teleportation {!r}
 w - 4 scrolls of fog {!r}
 A - a scroll of magic mapping {!r}
 B - a scroll of vulnerability {!r}
 J - a scroll of fear {!r}
 N - 2 scrolls of identify {!r}
Potions
 h - a potion of invisibility {!q}
 k - a potion of magic {!q}
 l - 3 potions of flight {!q}
 n - 2 potions of curing {!q}
 p - 3 potions of heal wounds {!q}
 q - 2 potions of mutation {!q}
 s - 2 potions of lignification {!q}
 t - a potion of agility {!q}
 u - 3 potions of brilliance {!q}
 z - 3 potions of might {!q}
 C - a potion of berserk rage {!q}
Comestibles
 d - 20 rations
 L - 25 chunks of flesh


   Skills:
 - Level 9.0 Fighting
 + Level 12.0 Dodging
 - Level 2.4 Stealth
 + Level 10.7 Spellcasting
 * Level 12.2 Conjurations
 - Level 1.1 Summonings
 - Level 1.1 Translocations


You had 15 spell levels left.
You knew the following spells:

 Your Spells              Type           Power        Failure   Level  Hunger
a - Stone Arrow           Conj/Erth      ######       1%          3    None
b - Call Imp              Summ           ####....     2%          2    None
d - Sticky Flame          Conj/Fire      ######..     1%          4    None
e - Mephitic Cloud        Conj/Pois/Air  #####...     1%          3    None
s - Conjure Flame         Conj/Fire      ######..     1%          3    None
v - Blink                 Tloc           N/A          2%          2    None


Dungeon Overview and Level Annotations

Branches:
Dungeon (11/15)            Temple (1/1) D:7            Lair (0/6) D:9
    Orc (1/2) D:11

Altars:
Ashenzari
Cheibriados
Dithmenos
Fedhas
Gozag
Hepliaklqana
Kikubaaqudgha
Makhleb
Nemelex Xobeh
Okawaru
Qazlal
Ru
Sif Muna
Trog
Uskayaw
Vehumet
Wu Jian
Xom
Yredelemnul
Zin
The Shining One
Beogh

Shops:
D:8 (   D:11 :}

Portals:
Trove: D:11 (give +4 storm dragon scales)


Message History

You see here 33 gold pieces.
An orc comes into view. It is wielding a club.
The orc priest calls down the wrath of Beogh upon you.
Beogh smites you!
Casting: Sticky Flame (safe; 1% risk of failure)
Confirm with . or Enter, or press ? or * to list all spells.
You can't see any susceptible monsters within range! (Use Z to cast anyway.)
An orc warrior comes into view. It is wielding a trident.
The orc warrior shouts!
You hear a shout! x2
The orc priest hits you but does no damage.
Casting: Sticky Flame (safe; 1% risk of failure)
Confirm with . or Enter, or press ? or * to list all spells.
Aiming: Sticky Flame (safe; 1% risk of failure)
Press: ? - help, Shift-Dir - straight line, f - orc priest
Aim: an orc priest, wielding a hand axe and wearing a chain mail The sticky flame hits the orc priest.
The orc priest is moderately wounded.
The orc priest is covered in liquid flames!
The orc priest burns!
The orc priest hits you with a hand axe.
The orc warrior hits you from afar with a trident.
The orc completely misses you.
A stone giant comes into view.
The orc priest burns!
Casting: Sticky Flame (safe; 1% risk of failure)
Confirm with . or Enter, or press ? or * to list all spells.
Aiming: Mephitic Cloud (safe; 1% risk of failure)
Press: ? - help, Shift-Dir - straight line, f - stone giant, p - orc priest
Aim: a stone giant The ball explodes into a vile cloud!
The stinking cloud engulfs the stone giant.
You hear a shout!
The orc priest burns!
You kill the orc priest!
Sif Muna accepts your kill.
The stone giant is engulfed in noxious fumes.
The stone giant throws a large rock.
The large rock closely misses you.
The orc warrior hits you from afar with a trident!
An orc comes into view.
The stone giant is engulfed in noxious fumes.
The orc moves out of view.
Really quaff
t - 2 potions of agility {!q}?
You feel agile all of a sudden.
The stone giant is engulfed in noxious fumes.
The stone giant throws a large rock.
The large rock hits you!!
* * * LOW HITPOINT WARNING * * *
The orc hits you but does no damage.
Really quaff
p - 5 potions of heal wounds {!q}?
You feel much better.
The stone giant is engulfed in noxious fumes.
The stone giant throws a large rock.
The large rock closely misses you. The orc misses you.
An orc comes into view.
Really quaff
p - 4 potions of heal wounds {!q}?
You feel much better.
The orc wizard shouts!
The stone giant throws a large rock.
The large rock hits you!! The orc warrior completely misses you.
The orc moves out of view.
The orc misses you. The orc wizard casts a spell at you.
You resist with almost no effort.
The stone giant throws a large rock.
The large rock hits you!!!
Ouch! That really hurt!
You die...

......>...#... ...
..............o ...
...............
.... .. .........#$
...... ..........
#..#. #.....o...
##.#... ##...$.....
#......##..<...o$..
#....oo($@.#...#..
#...#.#o(.....#...
## #.##.....## . ..
##C§#.# ... .o....#
##.# .§§..## ..
....### #. ..###


You could see a stone giant, an orc warrior, an orc wizard and 4 orcs.

Vanquished Creatures
  Gastronok (D:8)
  Fannar (D:11)
  A hydra (D:8)
  2 two-headed ogres
  The ghost of Tovarisch the Insei, a novice GnTm of Gozag (D:7)
  An ugly thing (D:11)
  An orc knight (D:11)
  A manticore (D:11)
  An elephant (D:9)
  Maurice (D:11)
  3 trolls
  A hornet (D:9)
  A hippogriff (D:9)
  2 dream sheep (D:8)
  8 yaks
  Grum (D:8)
  A soldier ant (D:10)
  3 black bears
  15 orc warriors
  3 sky beasts
  A phantom (D:7)
  6 ogres
  4 wolves (D:8)
  2 necrophages
  2 centaurs
  2 crocodiles (D:9)
  4 big kobolds
  11 bullfrogs
  A wyvern skeleton (D:5)
  3 jellies
  5 scorpions
  A water moccasin skeleton (D:10)
  14 killer bees
  3 wights (D:8)
  2 howler monkeys
  6 crimson imps
  2 bullfrog zombies (D:5)
  A gnoll shaman (D:9)
  2 quasits (D:10)
  2 bullfrog skeletons
  4 hounds
  9 orc priests
  3 iguanas
  10 orc wizards
  8 worker ants
  A hound skeleton (D:7)
  A worker ant zombie (D:9)
  9 gnolls
  9 adders
  2 river rats (Sewer)
  2 shadow imps
  3 adder skeletons
  An adder zombie (D:7)
  4 worms
  2 dart slugs
  2 leopard geckos (D:3)
  70 orcs
  A ball python (D:3)
  3 bats
  14 giant cockroaches
  4 goblins
  7 hobgoblins
  5 jackals
  5 quokkas
  3 frilled lizards
  A jackal skeleton (D:5)
  15 kobolds
  A leopard gecko zombie (D:7)
  A quokka zombie (D:7)
  9 rats
332 creatures vanquished.

Vanquished Creatures (collateral kills)
  A troll (D:5)
1 creature vanquished.

Grand Total: 333 creatures vanquished

Notes
Turn   | Place    | Note
-------+----------+-------------------------------------------
     0 | D:1      | Amnesiac the Deep Elf Wizard began the quest for the Orb.
     0 | D:1      | Reached XP level 1. HP: 10/10 MP: 7/7
    73 | D:1      | Found a glowing golden altar of the Shining One.
   613 | D:2      | Reached skill level 1 in Fighting
   613 | D:2      | Reached XP level 2. HP: 16/16 MP: 1/9
   664 | D:2      | Learned a level 2 spell: Blink
   667 | D:2      | Learned a level 2 spell: Call Imp
  1033 | D:2      | Reached XP level 3. HP: 15/21 MP: 0/11
  1038 | D:2      | Learned a level 3 spell: Conjure Flame
  1042 | D:2      | Learned a level 3 spell: Mephitic Cloud
  1575 | D:2      | Reached XP level 4. HP: 26/27 MP: 1/12
  2018 | D:3      | Noticed a black bear
  2216 | D:3      | Found a glowing drain.
  2333 | Sewer    | Entered a sewer
  2435 | Sewer    | Noticed a big kobold
  2495 | Sewer    | Killed a big kobold
  2495 | Sewer    | Reached XP level 5. HP: 32/32 MP: 10/13
  2520 | Sewer    | Found a glowing silver altar of Zin.
  2725 | D:3      | Killed a black bear
  2725 | D:3      | Reached XP level 6. HP: 30/37 MP: 6/14
  3642 | D:4      | Found a basalt altar of Yredelemnul.
  3826 | D:4      | Found a basalt altar of Yredelemnul.
  3956 | D:4      | Reached XP level 7. HP: 32/44 MP: 6/15
  4057 | D:4      | Found a hazy altar of Hepliaklqana.
  4264 | D:5      | Entered Level 5 of the Dungeon
  4323 | D:5      | Found an opulent altar of Gozag.
  4611 | D:5      | Found an ancient bone altar of Kikubaaqudgha.
  4634 | D:5      | Reached skill level 5 in Fighting
  4634 | D:5      | Reached skill level 5 in Dodging
  5035 | D:5      | Noticed a troll
  5406 | D:5      | Killed a troll
  5406 | D:5      | Reached XP level 8. HP: 51/51 MP: 1/16
  5955 | D:6      | Found a bloodstained altar of Trog.
  7225 | D:7      | Reached XP level 9. HP: 56/57 MP: 9/17
  7284 | D:7      | Learned a level 4 spell: Sticky Flame
  7494 | D:7      | Found a sacrificial altar of Ru.
  7504 | D:7      | Noticed Tovarisch's ghost (novice GnTm)
  7531 | D:7      | Found a sparkling altar of Nemelex Xobeh.
  7620 | D:7      | Killed Tovarisch's ghost
  7680 | D:7      | Found a staircase to the Ecumenical Temple.
  7728 | D:7      | Got a pair of jewelled boots
  7739 | D:7      | Identified the +2 pair of boots "Runij" {rF+} (You found it on level 7 of the Dungeon)
  8008 | Temple   | Entered the Ecumenical Temple
  8033 | Temple   | Became a worshipper of Sif Muna the Loreminder
  8097 | D:8      | Found Homun's Weapon Emporium.
  8203 | D:8      | Noticed a two-headed ogre
  8214 | D:8      | Killed a two-headed ogre
  8214 | D:8      | Reached skill level 5 in Spellcasting
  8214 | D:8      | Reached skill level 5 in Conjurations
  8456 | D:8      | Reached XP level 10. HP: 56/66 MP: 8/20
  8509 | D:8      | Noticed Grum
  8522 | D:8      | Reached * piety under Sif Muna
  8535 | D:8      | Killed Grum
  9026 | D:8      | Found a blossoming altar of Fedhas.
  9026 | D:8      | Found an ornate altar of the Wu Jian Council.
  9125 | D:8      | Noticed Gastronok
  9368 | D:8      | Killed Gastronok
  9368 | D:8      | Reached ** piety under Sif Muna
  9368 | D:8      | Reached skill level 10 in Dodging
  9639 | D:8      | Noticed a two-headed hydra
  9661 | D:8      | Killed a one-headed hydra
  9661 | D:8      | Reached XP level 11. HP: 54/71 MP: 25/25
  9720 | D:9      | Found a shimmering altar of Xom.
 10234 | D:9      | Reached skill level 10 in Conjurations
 10291 | D:9      | Reached *** piety under Sif Muna
 10400 | D:9      | Found a staircase to the Lair.
 10734 | D:10     | Entered Level 10 of the Dungeon
 11193 | D:10     | Reached **** piety under Sif Muna
 11310 | D:10     | Noticed a two-headed ogre
 11321 | D:10     | Killed a two-headed ogre
 11872 | D:11     | Found Ydadghaon's Book Shop.
 11939 | D:11     | Noticed Maurice
 11955 | D:11     | Noticed Fannar
 11995 | D:11     | Killed Fannar
 11995 | D:11     | Reached skill level 10 in Spellcasting
 12038 | D:11     | Found Uloum's Gadget Shop.
 12101 | D:11     | Found a flickering gateway to a bazaar.
 12106 | Bazaar   | Entered a bazaar
 12130 | Bazaar   | Found Moiph's Book Emporium.
 12147 | Bazaar   | Found Mattul's Antique Weapon Boutique.
 12180 | Bazaar   | Found Dianiguz's Assorted Antiques.
 12189 | Bazaar   | Found Kaynuqex's Assorted Antiques.
 12197 | Bazaar   | Bought a scroll labeled ESCHYBL LIMENETZ for 28 gold pieces
 12197 | Bazaar   | Bought a scroll labeled MOCOSI NANY for 28 gold pieces
 12683 | D:11     | Noticed an orc knight
 12695 | D:11     | Killed an orc knight
 12895 | D:11     | Reached ***** piety under Sif Muna
 12952 | D:11     | Found a roughly hewn altar of Beogh.
 12954 | D:11     | Found a staircase to the Orcish Mines.
 13031 | D:11     | Killed Maurice
 13031 | D:11     | Received a gift from Sif Muna
 13031 | D:11     | Reached XP level 12. HP: 75/75 MP: 26/28
 13043 | D:11     | Learned a level 3 spell: Stone Arrow
 13088 | D:11     | Found a portal to a secret trove of treasure.
 13288 | D:11     | Found a roughly hewn altar of Beogh.
 13438 | Orc:1    | Entered Level 1 of the Orcish Mines
 13446 | Orc:1    | Noticed a stone giant
 13452 | Orc:1    | Hit by a large rock thrown by a stone giant

Vault maps used:
D:1:      minmay_arrival_four_houses, tso_metal_star
D:2:      wad_floor_pattern_1
D:3:      gup_sewer_entry_pipe
D:4:      marbit_many_paths, yredelemnul_altar_generic, first_ration,
          kennysheep_flooded_box
D:5:      lemuel_round_altar, nicolae_overflow_hidden_temple
D:6:      kennysheep_mini
D:7:      nemelex_altar_shiori, lemuel_crystal_altar,
          minmay_temple_entry_butterflies
D:8:      gammafunk_temple_overflow_elements, serial_shops,
          kennysheep_little_box, hangedman_ranch, minivault_27,
          roderic_lattice_a, uniq_gastronok, uniq_grum
D:9:      old_standard_altar, david_lair_generic
D:10:     kennysheep_ambush_hall, onia_ninara_cookie
D:11:     david_orc_5, enter_trove_0, special_room, serial_shops,
          bzr_entry_road, nicolae_shop_stone, nicolae_shop_statue_plus,
          uniq_fannar, uniq_maurice
Temple:   minmay_temple_bridge_abc
Orc:1:    serial_shops, shop, portal_ice_cave_entry_imps, uniq_erica
Bazaar:   bazaar_kenran_forest_clearing
Sewer:    sewer_kobolds

Skill      XL: |  1  2  3  4  5  6  7  8  9 10 11 12 |
---------------+-------------------------------------+-----
Fighting       | 1 2 3 4 5 7 9 |  9.0
Conjurations   | 2 3 4 6 9 12 | 12.2
Dodging        | 3 4 5 7 9 10 11 12 | 12.0
Spellcasting   | 5 8 10 | 10.7
Stealth        | |  2.4
Summonings     | |  1.1
Translocations | |  1.1

Action                   |  1- 3 |  4- 6 |  7- 9 | 10-12 || total
-------------------------+-------+-------+-------+-------++-------
Melee: Long sword        |       |    42 |    73 |       ||   115
       Dagger            |       |       |    56 |   295 ||   351
       Falchion          |       |       |       |    26 ||    26
 Fire: Blowgun           |       |       |    93 |    24 ||   117
 Cast: Magic Dart        |    80 |   108 |   157 |    31 ||   376
       Call Imp          |     2 |     2 |     7 |       ||    11
       Mephitic Cloud    |     1 |    11 |    14 |    16 ||    42
       Blink             |       |     7 |     3 |       ||    10
       Conjure Flame     |       |     1 |    23 |    11 ||    35
       Sticky Flame      |       |       |     2 |   120 ||   122
       Stone Arrow       |       |       |       |    29 ||    29
Invok: Divine Energy     |       |       |       |     1 ||     1
       Forget Spell      |       |       |       |     1 ||     1
  Use: Scroll            |     5 |     3 |    10 |     4 ||    22
       Potion            |       |     2 |     1 |     3 ||     6
 Stab: Confused          |       |     4 |     5 |     7 ||    16
       Distracted        |       |     1 |       |       ||     1
       Sleeping          |       |     1 |     1 |     3 ||     5
  Eat: Chunk             |       |     6 |    12 |    15 ||    33
       Ration            |       |     1 |     1 |     1 ||     3
Armor: Robe              |     4 |    17 |    50 |   104 ||   175
       Skin              |       |       |     2 |       ||     2
Dodge: Dodged            |    12 |    31 |   204 |   430 ||   677
       Rpst.: Long sword |     5 |    11 |    35 |       ||    51
       Falchion          |       |       |       |     7 ||     7

Table legend:
 A = Spawn XP
 B = Non-spawn XP
 C = Spawn XP percentage of total XP
 D = Spawn monster count
 E = Non-spawn monster count
 F = Spawn count percentage of total count
 G = Total turns spent on level
                    A         B        C        D         E        F      G
               +---------+---------+-------+---------+---------+-------+---------
         Total |       0 |   23491 |   0.0 |       0 |     333 |   0.0 | 13452
               +---------+---------+-------+---------+---------+-------+---------
           D:1 |       0 |       7 |   0.0 |       0 |       5 |   0.0 |   606
           D:2 |       0 |      94 |   0.0 |       0 |      21 |   0.0 |  1053
           D:3 |       0 |     208 |   0.0 |       0 |      33 |   0.0 |  1398
           D:4 |       0 |     398 |   0.0 |       0 |      18 |   0.0 |  1009
           D:5 |       0 |     776 |   0.0 |       0 |      19 |   0.0 |  1439
           D:6 |       0 |     797 |   0.0 |       0 |      15 |   0.0 |  1316
           D:7 |       0 |    1740 |   0.0 |       0 |      30 |   0.0 |   976
           D:8 |       0 |    7003 |   0.0 |       0 |      32 |   0.0 |  1635
           D:9 |       0 |    2359 |   0.0 |       0 |      33 |   0.0 |  1025
          D:10 |       0 |    4127 |   0.0 |       0 |      42 |   0.0 |  1134
          D:11 |       0 |    5814 |   0.0 |       0 |      75 |   0.0 |  1288
         Orc:1 |       0 |      44 |   0.0 |       0 |       1 |   0.0 |    14
         Sewer |       0 |     124 |   0.0 |       0 |       9 |   0.0 |   231
               +---------+---------+-------+---------+---------+-------+---------
